General information
- name: BNet
- type: Ladder team game (AT/RT)
- host: Battle.net
- saver: DidDubSnop
map: Mur'gulOasis
- players: 8
- length: 55:13
- speed: Fast
- version: 1.26 W3XP
- replay type: Public
» download(301 KB)
Players
team 1 (winner)

»
ooOooOoOooo00o0 (
pink | 78 APM | 4105 actions | 52:36)
9 Lich
3 Frost Nova
3 Dark Ritual
1 Death and Decay
2 Frost Armor
3 Priestess of the Moon
1 Searing Arrows
2 Scout
1 Firelord
1 Summon Lava Spawn
1 Naga Sea Witch
1 Frost Arrows
1 Beastmaster
1 Summon Hawk
3 Demon Hunter
2 Mana Burn
1 Metamorphosis
» actions
| Assign group hotkey | 95 | |
| Basic commands | 215 | |
| Build / train | 142 | |
| Enter build submenu | 20 | |
| Enter hero's abilities submenu | 19 | |
| Give item / drop item | 3 | |
| Right click | 1573 | |
| Select / deselect | 1027 | |
| Select group hotkey | 766 | |
| Use ability | 245 | |
4105 total
» units
| Acolyte | 5 | |
| Ghoul | 10 | |
| Giant Sea Turtle | 4 | |
| Necromancer | 12 | |
| Meatwagon | 3 | |
| Obsidian Statue | 1 | |
| Dryad | 16 | |
| Wisp | 3 | |
| Gargoyle | 4 | |
| Chimaera | 5 | |
| Hippogryph | 5 | |
| Druid of the Talon | 2 | |
70 total
» upgrades
| Necromancer Training | 2 | |
| Skeletal Longevity | 1 | |
| Skeletal Mastery | 1 | |
| Destroyer Form | 1 | |
| Exhume Corpses | 1 | |
| Unholy Strength | 1 | |
| Unholy Armor | 1 | |
| Abolish Magic | 1 | |
| Strength of the Wild | 2 | |
| Reinforced Hides | 2 | |
| Corrosive Breath | 1 | |
14 total
» buildings
| Altar of Darkness | 1 | |
| Crypt | 1 | |
| Ziggurat | 4 | |
| Tomb of Relics | 1 | |
| Graveyard | 1 | |
| Halls of the Dead | 4 | |
| Temple of the Damned | 2 | |
| Black Citadel | 2 | |
| Slaughterhouse | 1 | |
| Tree of Eternity | 1 | |
| Ancient of Wind | 2 | |
| Moon Well | 7 | |
| Chimaera Roost | 3 | |
| Spirit Tower | 2 | |
| Sacrificial Pit | 1 | |
33 total
» build order
00:05 Altar of Darkness
00:09 Crypt
00:11 Ziggurat
00:58 Tomb of Relics
01:36 Ziggurat
03:18 Graveyard
04:02 Halls of the Dead
04:02 Halls of the Dead
04:03 Halls of the Dead
04:26 Ziggurat
05:31 Ziggurat
06:29 Temple of the Damned
06:30 Temple of the Damned
06:32 Black Citadel
06:32 Black Citadel
06:43 Slaughterhouse
15:21 Tree of Eternity
17:18 Ancient of Wind
17:47 Moon Well
18:30 Ancient of Wind
19:20 Chimaera Roost
19:20 Chimaera Roost
19:21 Chimaera Roost
19:24 Moon Well
19:25 Moon Well
21:32 Moon Well
21:52 Moon Well
21:53 Moon Well
22:29 Spirit Tower
28:27 Sacrificial Pit
» items
| Rod of Necromancy | 3 | |
| Boots of Speed | 1 | |
| Staff of Teleportation | 2 | |
| Potion of Invisibility | 1 | |
| Scroll of Town Portal | 5 | |
| Potion of Lesser Invulnerability | 3 | |
| Potion of Healing | 1 | |
16 total

»
TheHomie (
red | 33 APM | 431 actions | 12:54)
3 Beastmaster
2 Summon Bear
1 Summon Hawk
» actions
| Basic commands | 27 | |
| Build / train | 45 | |
| ESC pressed | 4 | |
| Enter build submenu | 15 | |
| Enter hero's abilities submenu | 3 | |
| Remove unit from queue | 1 | |
| Right click | 189 | |
| Select / deselect | 127 | |
| Use ability | 20 | |
431 total
» units
| Wisp | 18 | |
| Archer | 9 | |
| Druid of the Claw | 3 | |
30 total
» upgrades
| Strength of the Wild | 2 | |
| Reinforced Hides | 2 | |
| Druid of the Claw Training | 2 | |
| Mark of the Claw | 1 | |
7 total
» buildings
| Ancient of War | 1 | |
| Moon Well | 5 | |
| Altar of Elders | 1 | |
| Tree of Ages | 1 | |
| Hunter's Hall | 1 | |
| Ancient of Wonders | 1 | |
| Tree of Eternity | 1 | |
| Ancient of Wind | 1 | |
| Ancient of Lore | 3 | |
15 total
» build order
00:20 Ancient of War
00:27 Moon Well
01:08 Altar of Elders
02:04 Moon Well
02:08 Moon Well
03:18 Moon Well
04:28 Tree of Ages
04:31 Hunter's Hall
06:17 Ancient of Wonders
06:57 Tree of Eternity
07:36 Ancient of Wind
07:48 Ancient of Lore
10:28 Ancient of Lore
10:32 Ancient of Lore
11:52 Moon Well
» items
WhereEaglesDare (
green | 34 APM | 1869 actions | 55:13)
8 Archmage
3 Summon Water Elemental
3 Brilliance Aura
1 Mass Teleport
1 Blizzard
» actions
| Assign group hotkey | 42 | |
| Basic commands | 70 | |
| Build / train | 97 | |
| Enter build submenu | 55 | |
| Enter hero's abilities submenu | 9 | |
| Give item / drop item | 1 | |
| Remove unit from queue | 1 | |
| Right click | 544 | |
| Select / deselect | 477 | |
| Select group hotkey | 385 | |
| Use ability | 188 | |
1869 total
» units
| Peasant | 15 | |
| Footman | 5 | |
| Gryphon Rider | 5 | |
| Dragonhawk Rider | 11 | |
36 total
» upgrades
| Lumber Harvesting | 2 | |
| Masonry | 3 | |
| Swords | 3 | |
| Armor | 3 | |
| Animal War Training | 1 | |
| Cloud | 1 | |
| Storm Hammers | 1 | |
| Magic Sentry | 1 | |
15 total
» buildings
| Altar of Kings | 1 | |
| Barracks | 1 | |
| Farm | 7 | |
| Keep | 1 | |
| Lumber Mill | 2 | |
| Arcane Vault | 2 | |
| Scout Tower | 36 | |
| Guard Tower | 28 | |
| Castle | 1 | |
| Gryphon Aviary | 2 | |
| Blacksmith | 2 | |
| Town Hall | 3 | |
| Arcane Sanctum | 1 | |
| Arcane Tower | 4 | |
91 total
» build order
00:49 Altar of Kings
00:51 Barracks
00:53 Farm
00:56 Farm
01:04 Farm
01:49 Farm
03:18 Keep
03:32 Lumber Mill
04:32 Arcane Vault
04:36 Scout Tower
04:38 Scout Tower
04:40 Scout Tower
04:41 Scout Tower
04:42 Scout Tower
05:13 Guard Tower
05:32 Scout Tower
05:39 Castle
05:51 Guard Tower
05:54 Farm
05:56 Farm
06:03 Guard Tower
06:05 Guard Tower
06:10 Gryphon Aviary
06:12 Gryphon Aviary
07:25 Blacksmith
07:27 Blacksmith
08:54 Farm
11:22 Scout Tower
11:23 Scout Tower
11:25 Scout Tower
11:30 Scout Tower
11:32 Scout Tower
11:50 Guard Tower
11:50 Guard Tower
11:50 Guard Tower
11:51 Guard Tower
11:52 Guard Tower
11:52 Guard Tower
11:52 Guard Tower
11:59 Guard Tower
12:00 Guard Tower
12:00 Guard Tower
12:00 Guard Tower
12:23 Scout Tower
12:27 Town Hall
12:37 Town Hall
12:58 Guard Tower
13:27 Arcane Vault
17:26 Scout Tower
17:28 Scout Tower
17:30 Scout Tower
17:32 Scout Tower
18:41 Guard Tower
19:10 Town Hall
19:12 Scout Tower
19:12 Scout Tower
19:13 Scout Tower
19:13 Scout Tower
19:14 Scout Tower
19:15 Scout Tower
19:15 Scout Tower
19:16 Scout Tower
19:42 Guard Tower
19:43 Guard Tower
19:54 Guard Tower
21:00 Guard Tower
22:11 Scout Tower
22:13 Scout Tower
22:45 Guard Tower
22:53 Lumber Mill
25:45 Arcane Sanctum
26:29 Scout Tower
26:32 Scout Tower
27:17 Arcane Tower
27:18 Guard Tower
27:25 Scout Tower
27:27 Scout Tower
27:29 Scout Tower
27:31 Scout Tower
27:48 Scout Tower
27:50 Scout Tower
27:59 Guard Tower
28:21 Arcane Tower
28:24 Arcane Tower
28:45 Guard Tower
29:00 Scout Tower
29:02 Scout Tower
30:15 Arcane Tower
» items
ittybittysmitty (
orange | 54 APM | 593 actions | 10:57)
3 Demon Hunter
2 Evasion
1 Mana Burn
1 Priestess of the Moon
1 Trueshot Aura
» actions
| Build / train | 42 | |
| Enter build submenu | 11 | |
| Enter hero's abilities submenu | 4 | |
| Give item / drop item | 1 | |
| Remove unit from queue | 4 | |
| Right click | 380 | |
| Select / deselect | 134 | |
| Use ability | 17 | |
593 total
» units
| Wisp | 11 | |
| Archer | 6 | |
| Huntress | 5 | |
| Dryad | 5 | |
27 total
» upgrades
| Strength of the Moon | 0 | |
| Strength of the Wild | 1 | |
| Abolish Magic | 1 | |
2 total
» buildings
| Altar of Elders | 1 | |
| Moon Well | 4 | |
| Ancient of War | 1 | |
| Ancient of Wonders | 1 | |
| Tree of Ages | 2 | |
| Hunter's Hall | 1 | |
| Ancient of Lore | 1 | |
11 total
» build order
00:07 Altar of Elders
00:09 Moon Well
00:28 Ancient of War
02:01 Moon Well
02:17 Ancient of Wonders
03:01 Moon Well
04:05 Tree of Ages
04:05 Tree of Ages
05:08 Hunter's Hall
07:25 Moon Well
07:30 Ancient of Lore
» items
team 2 (loser)

»
Good.Orc (
yellow | 57 APM | 2042 actions | 36:03)
5 Mountain King
3 Storm Bolt
2 Bash
5 Archmage
3 Brilliance Aura
2 Summon Water Elemental
» actions
| Assign group hotkey | 75 | |
| Basic commands | 14 | |
| Build / train | 76 | |
| Enter build submenu | 18 | |
| Enter hero's abilities submenu | 11 | |
| Give item / drop item | 2 | |
| Remove unit from queue | 1 | |
| Right click | 1206 | |
| Select / deselect | 312 | |
| Select group hotkey | 201 | |
| Use ability | 126 | |
2042 total
» units
| Peasant | 28 | |
| Footman | 5 | |
| Rifleman | 3 | |
36 total
» upgrades
» buildings
| Altar of Kings | 1 | |
| Farm | 6 | |
| Barracks | 1 | |
| Arcane Vault | 1 | |
| Blacksmith | 1 | |
| Scout Tower | 1 | |
| Arcane Tower | 1 | |
| Lumber Mill | 1 | |
| Keep | 2 | |
| Town Hall | 2 | |
| Castle | 1 | |
18 total
» build order
00:43 Altar of Kings
00:48 Farm
00:52 Barracks
01:29 Farm
02:07 Farm
02:19 Arcane Vault
02:31 Farm
03:14 Blacksmith
03:18 Scout Tower
03:55 Arcane Tower
03:58 Lumber Mill
04:19 Keep
04:20 Keep
04:30 Farm
05:49 Farm
08:51 Town Hall
09:13 Castle
09:42 Town Hall
» items
| Lesser Clarity Potion | 1 | |
| Scroll of Regeneration | 1 | |
| Circlet of Nobility | 2 | |
| Boots of Speed | 2 | |
| Scroll of Healing | 1 | |
| Potion of Healing | 5 | |
| Periapt of Vitality | 1 | |
13 total

»
Switched (
purple | 50 APM | 1599 actions | 31:42)
6 Blademaster
3 Wind Walk
2 Critical Strike
1 Bladestorm
3 Shadow Hunter
2 Healing Wave
1 Serpent Ward
» actions
| Assign group hotkey | 26 | |
| Basic commands | 2 | |
| Build / train | 71 | |
| Enter build submenu | 30 | |
| Enter hero's abilities submenu | 10 | |
| Give item / drop item | 2 | |
| Right click | 821 | |
| Select / deselect | 328 | |
| Select group hotkey | 213 | |
| Use ability | 96 | |
1599 total
» units
| Peon | 7 | |
| Grunt | 13 | |
| Giant Sea Turtle | 1 | |
| Wind Rider | 13 | |
| Shaman | 6 | |
40 total
» upgrades
» buildings
| Orc Burrow | 6 | |
| War Mill | 1 | |
| Altar of Storms | 1 | |
| Barracks | 1 | |
| Watch Tower | 11 | |
| Voodoo Lounge | 1 | |
| Stronghold | 1 | |
| Beastiary | 1 | |
| Spirit Lodge | 1 | |
| Fortress | 1 | |
| Great Hall | 3 | |
28 total
» build order
00:08 Orc Burrow
00:22 War Mill
00:38 Altar of Storms
01:18 Barracks
01:57 Watch Tower
02:09 Orc Burrow
02:37 Watch Tower
03:04 Orc Burrow
03:09 Watch Tower
03:29 Watch Tower
03:44 Voodoo Lounge
03:59 Orc Burrow
04:21 Watch Tower
05:02 Watch Tower
05:57 Stronghold
06:56 Orc Burrow
07:02 Watch Tower
07:09 Watch Tower
11:34 Beastiary
11:37 Spirit Lodge
11:39 Fortress
12:29 Great Hall
12:31 Watch Tower
12:33 Watch Tower
12:37 Great Hall
13:02 Great Hall
13:31 Watch Tower
14:58 Orc Burrow
» items
| Healing Salve | 4 | |
| Scroll of Town Portal | 2 | |
| Potion of Mana | 1 | |
| Orb of Fire | 1 | |
| Lesser Clarity Potion | 2 | |
| Boots of Speed | 1 | |
| Circlet of Nobility | 1 | |
| Periapt of Vitality | 1 | |
| Scroll of Regeneration | 1 | |
| Potion of Healing | 2 | |
16 total
wannagetfuqdbro (
blue | 16 APM | 871 actions | 54:56)
5 Death Knight
3 Death Coil
2 Unholy Aura
4 Lich
2 Frost Armor
2 Frost Nova
» actions
| Basic commands | 16 | |
| Build / train | 61 | |
| Enter build submenu | 19 | |
| Enter hero's abilities submenu | 9 | |
| Give item / drop item | 1 | |
| Remove unit from queue | 10 | |
| Right click | 391 | |
| Select / deselect | 319 | |
| Use ability | 45 | |
871 total
» units
| Acolyte | 6 | |
| Ghoul | 5 | |
| Crypt Fiend | 4 | |
| Gargoyle | 13 | |
28 total
» upgrades
| Creature Attack | 3 | |
| Creature Carapace | 2 | |
| Stone Form | 1 | |
6 total
» buildings
| Ziggurat | 10 | |
| Crypt | 2 | |
| Graveyard | 1 | |
| Altar of Darkness | 2 | |
| Tomb of Relics | 2 | |
| Halls of the Dead | 3 | |
| Spirit Tower | 1 | |
| Black Citadel | 1 | |
| Necropolis | 1 | |
23 total
» build order
00:16 Ziggurat
00:21 Crypt
01:01 Graveyard
01:42 Altar of Darkness
01:47 Tomb of Relics
02:15 Ziggurat
03:26 Halls of the Dead
03:26 Halls of the Dead
03:26 Halls of the Dead
04:04 Ziggurat
05:00 Ziggurat
05:39 Crypt
09:43 Spirit Tower
12:51 Ziggurat
12:53 Ziggurat
12:54 Ziggurat
12:55 Ziggurat
13:29 Black Citadel
24:13 Necropolis
38:49 Altar of Darkness
38:58 Ziggurat
39:03 Ziggurat
39:09 Tomb of Relics
» items
| Rod of Necromancy | 4 | |
| Scroll of Town Portal | 3 | |
7 total
DidDubSnop (
teal | 104 APM | 5750 actions | 55:13)
10 Mountain King
3 Storm Bolt
3 Thunder Clap
1 Avatar
3 Bash
» actions
| Assign group hotkey | 256 | |
| Basic commands | 209 | |
| Build / train | 340 | |
| ESC pressed | 30 | |
| Enter build submenu | 74 | |
| Enter hero's abilities submenu | 10 | |
| Give item / drop item | 11 | |
| Remove unit from queue | 1 | |
| Right click | 2224 | |
| Select / deselect | 482 | |
| Select group hotkey | 1595 | |
| Use ability | 518 | |
5750 total
» units
| Peasant | 33 | |
| Footman | 15 | |
| Gryphon Rider | 7 | |
| Dragonhawk Rider | 2 | |
| Mortar Team | 3 | |
| Siege Engine | 1 | |
61 total
» upgrades
| Defend | 1 | |
| Masonry | 3 | |
| Swords | 3 | |
| Animal War Training | 1 | |
| Armor | 3 | |
| Lumber Harvesting | 2 | |
| Storm Hammers | 1 | |
| Cloud | 1 | |
| Plating | 3 | |
| Gunpowder | 3 | |
| Fragmentation Shards | 1 | |
| Flare | 1 | |
| Barrage | 1 | |
| Flak Cannons | 1 | |
| Long Rifles | 1 | |
26 total
» buildings
| Barracks | 1 | |
| Altar of Kings | 1 | |
| Farm | 6 | |
| Lumber Mill | 1 | |
| Arcane Vault | 2 | |
| Scout Tower | 62 | |
| Guard Tower | 107 | |
| Keep | 4 | |
| Blacksmith | 1 | |
| Castle | 3 | |
| Gryphon Aviary | 4 | |
| Town Hall | 6 | |
| Arcane Tower | 21 | |
| Workshop | 5 | |
224 total
» build order
00:49 Barracks
00:51 Altar of Kings
00:54 Farm
01:06 Farm
01:24 Farm
02:06 Lumber Mill
02:11 Arcane Vault
02:14 Farm
03:57 Scout Tower
03:58 Scout Tower
04:29 Guard Tower
04:30 Guard Tower
04:30 Guard Tower
04:30 Keep
04:30 Keep
04:31 Keep
06:21 Blacksmith
06:29 Farm
06:54 Castle
06:55 Castle
06:55 Castle
07:00 Gryphon Aviary
07:02 Gryphon Aviary
08:29 Farm
09:07 Town Hall
09:08 Scout Tower
09:09 Scout Tower
09:10 Scout Tower
09:11 Scout Tower
09:33 Scout Tower
09:34 Scout Tower
09:35 Scout Tower
09:35 Scout Tower
09:36 Scout Tower
09:37 Scout Tower
09:38 Scout Tower
09:39 Guard Tower
09:39 Guard Tower
09:40 Guard Tower
09:49 Guard Tower
09:50 Guard Tower
10:05 Guard Tower
10:13 Guard Tower
10:13 Guard Tower
10:13 Guard Tower
10:30 Guard Tower
10:30 Guard Tower
10:30 Guard Tower
10:35 Guard Tower
10:56 Guard Tower
10:56 Guard Tower
11:12 Guard Tower
11:12 Guard Tower
11:32 Guard Tower
11:32 Guard Tower
11:33 Guard Tower
12:13 Scout Tower
12:14 Scout Tower
12:14 Scout Tower
13:25 Guard Tower
13:26 Guard Tower
13:40 Guard Tower
13:40 Guard Tower
13:41 Guard Tower
13:41 Guard Tower
13:44 Arcane Tower
14:35 Scout Tower
14:35 Scout Tower
14:37 Scout Tower
14:39 Scout Tower
15:13 Guard Tower
15:14 Guard Tower
15:14 Guard Tower
15:14 Guard Tower
18:37 Town Hall
18:40 Scout Tower
18:40 Scout Tower
18:41 Scout Tower
18:42 Scout Tower
18:43 Scout Tower
19:21 Scout Tower
19:22 Scout Tower
19:46 Arcane Vault
20:41 Town Hall
20:43 Scout Tower
20:43 Scout Tower
20:46 Scout Tower
20:59 Guard Tower
20:59 Guard Tower
20:59 Guard Tower
21:02 Scout Tower
21:03 Scout Tower
21:04 Scout Tower
21:17 Guard Tower
21:17 Guard Tower
21:17 Guard Tower
21:18 Guard Tower
21:25 Scout Tower
21:26 Scout Tower
21:27 Scout Tower
21:45 Guard Tower
21:46 Guard Tower
21:46 Guard Tower
21:53 Guard Tower
21:53 Guard Tower
21:53 Guard Tower
22:07 Guard Tower
22:08 Guard Tower
22:22 Guard Tower
22:23 Guard Tower
22:24 Scout Tower
22:25 Scout Tower
22:26 Scout Tower
22:27 Scout Tower
22:28 Scout Tower
22:29 Scout Tower
22:56 Arcane Tower
22:57 Arcane Tower
22:57 Arcane Tower
22:57 Arcane Tower
22:58 Arcane Tower
22:58 Arcane Tower
22:58 Arcane Tower
24:10 Guard Tower
24:10 Guard Tower
24:50 Town Hall
24:51 Scout Tower
24:52 Scout Tower
25:29 Town Hall
25:31 Scout Tower
25:33 Scout Tower
25:36 Scout Tower
25:37 Scout Tower
25:37 Scout Tower
25:43 Scout Tower
25:44 Scout Tower
25:46 Scout Tower
25:48 Scout Tower
25:55 Guard Tower
25:55 Guard Tower
27:10 Guard Tower
27:10 Guard Tower
27:17 Arcane Tower
27:17 Arcane Tower
27:17 Arcane Tower
27:19 Guard Tower
27:19 Guard Tower
27:20 Guard Tower
27:21 Scout Tower
27:22 Scout Tower
27:40 Town Hall
27:48 Scout Tower
27:49 Scout Tower
27:50 Scout Tower
28:01 Scout Tower
28:02 Scout Tower
28:02 Scout Tower
28:04 Scout Tower
28:22 Guard Tower
28:49 Guard Tower
28:49 Guard Tower
28:49 Guard Tower
29:12 Guard Tower
29:13 Guard Tower
32:48 Guard Tower
32:48 Guard Tower
32:48 Guard Tower
32:49 Guard Tower
39:00 Gryphon Aviary
39:02 Gryphon Aviary
42:32 Workshop
42:34 Workshop
42:36 Workshop
42:37 Workshop
42:40 Workshop
» items
| Boots of Speed | 1 | |
| Scroll of Regeneration | 22 | |
| Staff of Teleportation | 1 | |
| Potion of Healing | 7 | |
| Lesser Clarity Potion | 8 | |
| Scroll of Town Portal | 11 | |
50 total
Chat log
(00:06 / All) DidDubSnop: ASL everybody?
(01:00 / All) ittybittysmitty: 13 f
(01:06 / All) DidDubSnop: L?
(02:50 / Allies) wannagetfuqdbro: raped, gg.
(02:50 / Allies) Good.Orc: blue plz start walking
(03:10 / Allies) wannagetfuqdbro: walking with what
(03:11 / Allies) wannagetfuqdbro: lol
(03:17 / Allies) wannagetfuqdbro: my beer?
(05:09 / Allies) DidDubSnop: fight him
(05:10 / Allies) DidDubSnop: we both can
(05:13 / Allies) wannagetfuqdbro: ur melee....
(05:14 / Allies) wannagetfuqdbro: lol
(05:22 / Allies) Good.Orc: bnice
(06:44 / Allies) wannagetfuqdbro: everyone
(06:45 / Allies) wannagetfuqdbro: mid
(06:52 / Allies) DidDubSnop: k
(07:17 / Allies) Good.Orc: omw
(07:20 / Allies) Good.Orc: soon as heal scroll
(07:30 / Allies) Good.Orc: surround mk
(07:31 / Allies) Good.Orc: for heals
(07:33 / Allies) Good.Orc: if you would liek them
(08:35 / Allies) Good.Orc: lo lteal
(08:49 / Allies) DidDubSnop: that's mine
(08:51 / Allies) DidDubSnop: go
(09:03 / Allies) Good.Orc: whatever dude
(09:04 / Allies) Good.Orc: there first
(09:06 / Allies) Good.Orc: we team creeped
(09:08 / Allies) Good.Orc: and your a faggot
(09:17 / Allies) DidDubSnop: lol
(09:22 / All) TheHomie: suck my cack
(09:55 / All) TheHomie: ghoul is as much exp as a hydra
(10:41 / All) TheHomie: how far bro
(10:57 / All) TheHomie: i am on the team of wrecklessly do nothing loser
(11:05 / All) TheHomie: god that guy is so horrible
(11:09 / All) WhereEaglesDare: wow
(11:19 / All) TheHomie: what is this lag
(11:34 / Allies) wannagetfuqdbro: man stop taking all the rare items wtf :p
(12:08 / All) DidDubSnop: Wow pink is so horrible
(12:28 / All) TheHomie: no ones using oj
(12:34 / All) TheHomie: i threatened to tk if they don' tuse
(12:38 / All) TheHomie: but i'll just leave, they suck dick
(12:41 / All) wannagetfuqdbro: ur a noob... u use em
(12:45 / All) TheHomie: i would
(12:49 / All) TheHomie: but im on a mac laptop
(12:51 / All) TheHomie: with a trackpad
(14:18 / Allies) wannagetfuqdbro: purple spend ur money
(14:29 / Allies) wannagetfuqdbro: yellow get units
(14:36 / Allies) wannagetfuqdbro: teal sttay classy
(15:01 / Allies) wannagetfuqdbro: back up
(15:52 / Allies) Switched: TEAL TP
(17:22 / Allies) Good.Orc: someone g for lvl 5 mk plz
(17:37 / Allies) Good.Orc: 100 g short
(17:43 / Allies) Good.Orc: fuck
(17:44 / Allies) Good.Orc: 100 lumber
(17:57 / Allies) Good.Orc: good
(18:30 / Allies) wannagetfuqdbro: teal spend
(18:32 / Allies) wannagetfuqdbro: what u doin
(19:40 / Allies) wannagetfuqdbro: they comin for me
(19:45 / Allies) wannagetfuqdbro: tp
(20:00 / Allies) wannagetfuqdbro: tp
(20:11 / Allies) wannagetfuqdbro: lol mgg
(20:42 / Allies) wannagetfuqdbro: wow man teal
(20:43 / Allies) wannagetfuqdbro: really
(20:46 / Allies) DidDubSnop: yes
(20:50 / Allies) DidDubSnop: can't lose my hero
(20:53 / Allies) DidDubSnop: rather lose your base
(21:02 / Allies) wannagetfuqdbro: you're a fucking dumbass
(21:05 / Allies) DidDubSnop: lol
(21:06 / Allies) wannagetfuqdbro: that move loses games
(21:07 / Allies) DidDubSnop: i have a hero man
(21:10 / Allies) DidDubSnop: that's what matters man
(21:13 / Allies) wannagetfuqdbro: and a loss
(21:16 / Allies) wannagetfuqdbro: that shows for nothing
(21:21 / Allies) DidDubSnop: no i win b ro
(21:26 / Allies) wannagetfuqdbro: back ur hero, fight with units
(21:30 / Allies) wannagetfuqdbro: thats how you micreo
(21:31 / Allies) wannagetfuqdbro: micro
(21:35 / Allies) wannagetfuqdbro: lol ya okay
(21:40 / Allies) DidDubSnop: what is micro
(21:41 / Allies) wannagetfuqdbro: havent even been to a base yet
(21:42 / Allies) wannagetfuqdbro: stfu
(21:56 / All) wannagetfuqdbro: gg
(22:01 / All) DidDubSnop: blue is a noob
(22:04 / All) DidDubSnop: so we lose
(22:27 / All) wannagetfuqdbro: yeah we lose cause teal solos, doesnt spend, and cares about his hero more than anyone in a 4v4 lol
(22:30 / All) wannagetfuqdbro: word son
(22:36 / All) DidDubSnop: yeah
(22:41 / All) wannagetfuqdbro: stfu
(22:43 / All) DidDubSnop: basically ur a noob
(22:59 / All) wannagetfuqdbro: im a noob yet you tp cause ur heros gonnna die... lol
(23:01 / Allies) Good.Orc: for tp?
(23:01 / All) wannagetfuqdbro: micro son
(23:04 / All) DidDubSnop: you're a noob blue
(23:05 / All) DidDubSnop: noob
(23:07 / All) DidDubSnop: shut up noob LOL
(23:13 / All) wannagetfuqdbro: im so hurt
(23:16 / All) wannagetfuqdbro: bahah
(23:16 / All) WhereEaglesDare: why is death and decay so much better than earthquake
(23:19 / All) WhereEaglesDare: when it kill buildings too
(23:30 / All) WhereEaglesDare: earthquake is worst ult in game
(23:31 / Allies) Good.Orc: 350 g?
(23:34 / Allies) Good.Orc: to keep heros saved?
(23:55 / Allies) wannagetfuqdbro: 47 food, 2000 gold
(23:55 / All) WhereEaglesDare: I would be hardpressed to think of a worst one
(23:57 / Allies) wannagetfuqdbro: noooooooooooooooooooooooooooob
(24:13 / All) DidDubSnop: Believe me 2k is a low for me
(24:24 / Allies) Good.Orc: no reason not to be at 59 food though
(24:28 / Allies) Good.Orc: anything not 59 is noob
(24:29 / Allies) wannagetfuqdbro: lol so you're a virgin is what you're saying
(25:27 / Allies) wannagetfuqdbro: they control gold
(25:30 / Allies) wannagetfuqdbro: they have mass aa
(25:34 / Allies) wannagetfuqdbro: what do u plan on doing
(25:39 / Allies) wannagetfuqdbro: other than wasting another hour lmao
(25:40 / Allies) DidDubSnop: I CONTROL GOLD
(25:44 / Allies) wannagetfuqdbro: dumb as fuck
(25:50 / Allies) wannagetfuqdbro: green has the saem amount of mines
(25:54 / Allies) wannagetfuqdbro: and they have full babses
(25:56 / Allies) wannagetfuqdbro: we lost ours
(26:00 / Allies) wannagetfuqdbro: they control gold.
(26:01 / All) Good.Orc: D&D actually sucks against those towers
(26:01 / Allies) wannagetfuqdbro: lol.
(26:51 / Allies) DidDubSnop: see
(26:53 / Allies) DidDubSnop: fucking noob blue
(26:55 / Allies) DidDubSnop: i just won us it
(26:56 / Allies) Good.Orc: blue you had 2k gold
(26:57 / Allies) DidDubSnop: shut up noob
(26:59 / Allies) Good.Orc: and never game me 350g
(27:01 / Allies) Good.Orc: for my tp?
(27:01 / Allies) Good.Orc: :(
(27:06 / Allies) wannagetfuqdbro: 2k???
(27:07 / Allies) DidDubSnop: cause he is noob
(27:08 / Allies) wannagetfuqdbro: what the fuck\
(27:12 / Allies) wannagetfuqdbro: i had 300 gold.....
(27:19 / Allies) wannagetfuqdbro: and started new base with it
(27:21 / Allies) wannagetfuqdbro: and teal
(27:24 / Allies) wannagetfuqdbro: you're just wasting time
(27:29 / Allies) wannagetfuqdbro: i dont even know why im still here personally
(27:37 / Allies) DidDubSnop: shut up noob
(27:46 / Allies) wannagetfuqdbro: dont know how to micro, dont know how to spend, or how to strike
(27:47 / Allies) wannagetfuqdbro: lol
(27:49 / Allies) wannagetfuqdbro: you're the noob
(27:56 / Allies) DidDubSnop: I just took over orange's army
(27:59 / Allies) DidDubSnop: I won his army there noob
(28:01 / Allies) wannagetfuqdbro: tool
(28:11 / Allies) DidDubSnop: You're staying watching others play I think you are the tool noob
(28:15 / Allies) wannagetfuqdbro: great, what about the other 3 lol
(28:19 / Allies) wannagetfuqdbro: retarded child
(28:31 / Allies) DidDubSnop: Well green does nothing to me
(28:35 / Allies) wannagetfuqdbro: or im bored drinking a beer eating taquitos watching you get off to this
(28:36 / Allies) DidDubSnop: He only fites you noobs
(28:36 / Allies) wannagetfuqdbro: lol
(28:38 / Allies) DidDubSnop: Not a pro like me
(28:57 / Allies) wannagetfuqdbro: you're under 50 food......
(29:00 / Allies) wannagetfuqdbro: please tell me more
(29:03 / Allies) DidDubSnop: ya for upkeep do you even know what that is?
(29:15 / All) DidDubSnop: blue doesnt know what upkeep is lol
(29:26 / All) wannagetfuqdbro: no idea?
(29:40 / All) WhereEaglesDare: what your mom has to pay to feed you and keep you clothed
(29:49 / All) wannagetfuqdbro: you're so spot on
(30:03 / All) wannagetfuqdbro: how can i become a virgin such as yourself
(30:09 / All) wannagetfuqdbro: after already banging so many broads
(30:19 / All) wannagetfuqdbro: tell me more about how much i dont give a fuck
(30:19 / All) DidDubSnop: generally it's virgins who care about virginity the most blue
(30:22 / All) wannagetfuqdbro: lawl
(30:23 / All) DidDubSnop: What's the name of the first girl you fucked?
(30:30 / All) wannagetfuqdbro: bianca
(30:34 / All) wannagetfuqdbro: was a fuckin rocket bud
(30:36 / All) DidDubSnop: When did you fuck her?
(30:41 / All) wannagetfuqdbro: grade 9
(30:47 / All) DidDubSnop: How old was she?
(30:48 / All) wannagetfuqdbro: lol fucking 7 years ago
(30:50 / All) DidDubSnop: How old were you?
(31:02 / All) wannagetfuqdbro: im not gonna let you jerk it to my first fuck story
(31:04 / All) wannagetfuqdbro: queer
(31:09 / All) DidDubSnop: You can't fill in the details since it never happened
(31:23 / All) wannagetfuqdbro: you got instagram or facebook big guy
(31:30 / All) DidDubSnop: No I don't register to dumb jew sites
(31:34 / All) wannagetfuqdbro: LOL
(31:37 / All) wannagetfuqdbro: total virg
(31:40 / All) wannagetfuqdbro: total geek
(31:46 / All) wannagetfuqdbro: nerdy kid that id pick on in highschool
(31:48 / All) wannagetfuqdbro: thats too rad
(31:52 / All) DidDubSnop: lol
(32:01 / All) DidDubSnop: I'm sure you have a lot of experience picking on kids
(32:04 / All) DidDubSnop: Got any good stories of that?
(32:09 / All) DidDubSnop: How mcuh do you weigh?
(32:11 / All) DidDubSnop: Do you go to gym?
(32:14 / All) DidDubSnop: What's your exercise routine?
(32:22 / All) wannagetfuqdbro: everyday, lol im 205 and played running back for 12 years
(32:24 / All) wannagetfuqdbro: fucking moron
(32:25 / All) wannagetfuqdbro: lol
(32:29 / All) DidDubSnop: I bet you can't answer since you don't have one and are trying from your cheeto stained keyboard weighing 300 lbs
(32:31 / All) wannagetfuqdbro: i body build you jew
(32:32 / All) WhereEaglesDare: Big deal I train UFC
(32:38 / All) WhereEaglesDare: and kendo
(32:41 / All) DidDubSnop: Why are you calling me a jew when I just told you I avoid jewish sites are you retarded?
(32:44 / All) WhereEaglesDare: I forged my own katana
(32:50 / All) wannagetfuqdbro: lol you're ragin
(32:53 / All) wannagetfuqdbro: this is prime
(33:03 / All) wannagetfuqdbro: get an instagram an ill show you how much i weigh an how much i lift
(33:04 / All) DidDubSnop: I'm not raging at all have you ever seen a player rage in this game?
(33:09 / All) WhereEaglesDare: *unseathes katana* LIGHTNING CRACKLES IN THE SKY, THUNDER ROARS IN THE DISTANCE
(33:11 / All) WhereEaglesDare: Say that to my face
(33:14 / All) wannagetfuqdbro: its all i post besides picks of the babes at raves
(33:15 / All) DidDubSnop: Lifting doesn't mean shit for strength bro, that isn't strength training
(33:16 / All) wannagetfuqdbro: faggot
(33:18 / All) wannagetfuqdbro: lol
(33:20 / All) DidDubSnop: People who look shredded aren't strong at all
(33:24 / All) wannagetfuqdbro: im a running back....
(33:26 / All) wannagetfuqdbro: you fucking idiot
(33:28 / All) wannagetfuqdbro: lol
(33:39 / All) DidDubSnop: Yeah and you're saying you lift
(33:47 / All) DidDubSnop: Most who lift aren't that strong unless it's specifically a strength routine
(33:54 / All) wannagetfuqdbro: what legit football player doesn't lift.... lmao
(34:02 / All) DidDubSnop: Oh you play niggerball
(34:02 / All) wannagetfuqdbro: that hardly made sense
(34:12 / All) wannagetfuqdbro: you mad?
(34:22 / All) DidDubSnop: quivering in fear at your use of a "you mad" meme from years ago
(34:36 / All) wannagetfuqdbro: lol yeah a meme is what i use it from
(34:41 / All) DidDubSnop: you're retarded
(34:44 / All) wannagetfuqdbro: thats only shit that nerdy kids refer too bud
(34:57 / All) DidDubSnop: then why are you using it in warcraft iii the frozen throne to try to provoke someone???????
(34:58 / All) DidDubSnop: you'
(34:59 / All) wannagetfuqdbro: lol whats ur facebook
(35:00 / All) DidDubSnop: re retarded
(35:05 / All) wannagetfuqdbro: i wanna see whatta faggot you are
(35:10 / All) DidDubSnop: I don't use dumb jewish trends
(35:13 / All) DidDubSnop: Idiots jump on trends
(35:17 / All) DidDubSnop: I don't jump on trends, idiot
(35:20 / All) wannagetfuqdbro: im wasting time while these taquitos go down
(35:25 / All) wannagetfuqdbro: faceboook?????
(35:27 / All) wannagetfuqdbro: lol
(35:35 / All) wannagetfuqdbro: its teh new hotmail practically
(35:41 / All) wannagetfuqdbro: youre a total dweeb
(35:47 / All) DidDubSnop: hotmail sucked too
(35:49 / All) wannagetfuqdbro: how many fedora's do you own
(35:50 / All) wannagetfuqdbro: lmao
(35:58 / All) DidDubSnop: fedoras are leftists
(36:00 / All) DidDubSnop: not right wingers
(36:01 / All) WhereEaglesDare: I only half a dozen
(36:01 / All) DidDubSnop: you dumb faggot
(36:06 / All) WhereEaglesDare: My black one is my favorite
(36:11 / All) WhereEaglesDare: It matches my trench coat
(36:16 / All) wannagetfuqdbro: tell everyone you hate em
(36:19 / All) wannagetfuqdbro: listen to some emo
(36:27 / All) DidDubSnop: I doubt you even know what emo/screamo/posthardcore is
(36:31 / All) wannagetfuqdbro: confused with what u wanna do cause all u do is be a faggot
(36:32 / All) WhereEaglesDare: I wear a silk button up with flames on it too, it's "date" attire
(36:32 / All) DidDubSnop: it sucks though
(36:48 / All) wannagetfuqdbro: looool
(36:51 / All) wannagetfuqdbro: this is the best
(36:57 / All) DidDubSnop: Are you having as much fun as I am
(37:02 / All) wannagetfuqdbro: not nearly
(37:02 / All) DidDubSnop: I will look back at this moment proudlty
(37:06 / All) wannagetfuqdbro: baha
(37:14 / All) DidDubSnop: Remembering the retarded player blue who entertained us all game and stayed and gave us a good chat log
(37:14 / All) WhereEaglesDare: Raises mug filled with mountain dew* I'll drink to that
(37:28 / All) wannagetfuqdbro: "yeah mom, i told that guy he was retarded"
(37:38 / All) wannagetfuqdbro: "yeah, he was pretty dumb mom.."
(37:44 / All) wannagetfuqdbro: thats cool bud
(37:47 / All) DidDubSnop: lol
(38:10 / All) DidDubSnop: STUCK
(38:23 / All) DidDubSnop: LOL LEVEL 10
(38:25 / All) wannagetfuqdbro: oh no!!!!!
(38:29 / All) wannagetfuqdbro: you got suuuuck dude
(38:31 / All) WhereEaglesDare: CHARGE
(38:44 / All) WhereEaglesDare: C'MON PINK SEND YOUR FORCE
(38:46 / All) WhereEaglesDare: S
(38:52 / All) WhereEaglesDare: Fucking hell, mate
(38:54 / All) WhereEaglesDare: You let me down
(39:11 / All) WhereEaglesDare: It was a massacre, there was no relief for the militia
(39:14 / Allies) wannagetfuqdbro: lol
(39:22 / Allies) wannagetfuqdbro: howd i know that was gonna happen
(39:28 / Allies) DidDubSnop: you're psychic
(39:30 / Allies) DidDubSnop: obviously
(39:49 / All) wannagetfuqdbro: youre really takin this hard eh man
(39:59 / All) DidDubSnop: yeah can't you tell how mad i am
(40:07 / All) wannagetfuqdbro: ya, killing me as i rebuild
(40:12 / All) wannagetfuqdbro: thats true nerd rage bawd
(40:14 / All) wannagetfuqdbro: have a beer
(40:16 / All) wannagetfuqdbro: relax
(40:37 / All) DidDubSnop: Close but no cigar
(40:47 / All) WhereEaglesDare: The ancient of the wind fought nobly
(40:56 / All) wannagetfuqdbro: lol you queers make me sick\
(41:17 / All) WhereEaglesDare: To say his name you must speak like a soft whisper, like the wind
(41:27 / Allies) wannagetfuqdbro: i didnt even know people like yall still played so religiously on a game so old
(41:30 / All) wannagetfuqdbro: lol
(41:32 / All) WhereEaglesDare: I could tell you but I haven't mastered the trent tongue
(41:32 / All) wannagetfuqdbro: so sad
(41:42 / All) DidDubSnop: "people like yall" where are you from?
(41:54 / All) wannagetfuqdbro: yall niggies
(41:59 / All) wannagetfuqdbro: yall mahfucks
(42:03 / All) DidDubSnop: call us niggies when you play niggerball?
(42:11 / All) wannagetfuqdbro: lol i never say yall
(42:15 / All) wannagetfuqdbro: who gives a fuck what i say
(42:16 / All) wannagetfuqdbro: lol
(42:18 / All) DidDubSnop: well you just did multiple times in a row
(42:25 / All) wannagetfuqdbro: ma niggies are trill
(42:34 / All) wannagetfuqdbro: but who really gives a fuck
(42:35 / All) wannagetfuqdbro: lol
(42:49 / All) DidDubSnop: If they're trill I bet they suck and are uvular rather than alveolar
(42:52 / All) wannagetfuqdbro: " OH MY LAWD... HE SAID 'YALL'"
(42:53 / All) DidDubSnop: which is the far superior trill
(43:07 / All) wannagetfuqdbro: LOL
(43:11 / All) wannagetfuqdbro: that was deep dude
(43:14 / All) wannagetfuqdbro: so deep
(43:28 / All) DidDubSnop: probably deep to an imbecile like you whose tongue probably cannot uvular or alveolar trill
(43:46 / All) wannagetfuqdbro: that didn't make sense even if you wanted it to..
(43:50 / All) wannagetfuqdbro: but nice brah
(44:06 / All) wannagetfuqdbro: how many kills u got son
(44:06 / All) DidDubSnop: again probably not to you, I doubt you can do either with your tongue or uvula
(44:09 / All) wannagetfuqdbro: 1 chick
(44:18 / All) wannagetfuqdbro: grade 12 prom, it was special
(44:32 / All) DidDubSnop: lawl
(44:33 / All) wannagetfuqdbro: lol why the fuck are you even talkin about such things...
(44:36 / All) wannagetfuqdbro: you fucking faggot
(44:37 / All) wannagetfuqdbro: lol
(44:46 / All) DidDubSnop: I think only one of us is mad blue and it isn't me
(44:56 / All) wannagetfuqdbro: its clearly you dawg
(45:46 / All) WhereEaglesDare: Blue is a fucking nerd
(45:49 / All) DidDubSnop: I agree
(45:49 / All) wannagetfuqdbro: welp its monday night bar night ladies, thanks for letting me chat while pre drinkin, the homies say you all gay
(45:51 / All) DidDubSnop: Fucking geek
(45:51 / All) wannagetfuqdbro: lmaaaao
(46:04 / All) DidDubSnop: Now his geek ass is fantasising about going outside
(46:21 / All) DidDubSnop: probably about to play his dating mods in Skyrim and pretend he's on a night out
(46:28 / All) WhereEaglesDare: Lol, I would kick his ass with TKD if I ever met his scrub ass
(46:31 / All) DidDubSnop: So would I
(46:34 / All) DidDubSnop: fucking scrub
(46:38 / All) wannagetfuqdbro: eh yo
(46:41 / All) WhereEaglesDare: Wheelbarrow kick to the skull, motherfucker!!!
(46:44 / All) wannagetfuqdbro: gimme your social networks
(46:49 / All) wannagetfuqdbro: we gon see u fools
(46:53 / All) wannagetfuqdbro: see whos talkin what
(46:55 / All) DidDubSnop: where are you from
(46:56 / All) WhereEaglesDare: Do you have OKCupid?
(47:01 / All) wannagetfuqdbro: id fuckin break your neck
(47:08 / All) WhereEaglesDare: okcupid.com/profile/BastionOChivalry
(47:27 / Allies) wannagetfuqdbro: facebook.com
(47:30 / Allies) DidDubSnop: wrong chat
(47:44 / All) wannagetfuqdbro: facebook, otherwise you're definitely a fuckin creeper
(47:52 / All) DidDubSnop: fuckin creeper are you a tumblr girl?
(47:55 / All) WhereEaglesDare: Send me a message on okcupid
(47:57 / All) DidDubSnop: no male uses that terminology
(48:13 / All) DidDubSnop: I don't like when the degenerates look upon my mug
(48:19 / All) wannagetfuqdbro: lol go to jail for a few months, youll get to know the term ma dude
(48:33 / All) WhereEaglesDare: Damn you're hard as hell son
(48:43 / All) wannagetfuqdbro: so white tho...
(48:46 / All) WhereEaglesDare: I don't want any trouble from a thug like you bro
(48:58 / All) wannagetfuqdbro: bud lol
(49:04 / All) wannagetfuqdbro: buncha goons
(49:16 / All) DidDubSnop: you're the goon you used their fedora meme
(49:28 / Allies) wannagetfuqdbro: dont even think that exists....
(49:44 / Allies) wannagetfuqdbro: every faggot i ever met wears a fedora
(49:50 / All) wannagetfuqdbro: thinks hes some smart snappy shit
(49:53 / All) wannagetfuqdbro: an different
(49:54 / All) wannagetfuqdbro: lol
(50:10 / All) DidDubSnop: you seem to think those of yourself too even though they aren't true so I think you have something in common with them :^)
(50:22 / All) wannagetfuqdbro: another smart ass remark
(50:29 / All) wannagetfuqdbro: to proove me more correct
(50:30 / All) wannagetfuqdbro: lol
(50:33 / All) wannagetfuqdbro: dope ma man
(50:35 / All) wannagetfuqdbro: DOPE
(50:48 / All) DidDubSnop: yes *~smart~* ass remark unlike anything your *~dumb~* ass is capable of :^)
(51:04 / All) wannagetfuqdbro: im not willing to waste thinking to hard to get into your mind son
(51:06 / All) wannagetfuqdbro: lmao
(51:20 / All) DidDubSnop: hey blue you enjoy sitting around doing nothing would you stay in thsi game for a mexican standoff to gett the win??????
(51:21 / All) wannagetfuqdbro: if i was eye to with you, you'd probably shit a brick
(51:30 / All) wannagetfuqdbro: also, this is the first time i ever played dis shit
(51:32 / All) wannagetfuqdbro: lol
(51:34 / All) DidDubSnop: yeah i'd never see someone who looked like such a fuckwit before
(51:36 / All) DidDubSnop: and would shit brix
(51:49 / All) wannagetfuqdbro: PLEAAAASE
(51:53 / All) wannagetfuqdbro: please ma son
(52:05 / All) wannagetfuqdbro: gimme some social networking outlet
(52:09 / All) wannagetfuqdbro: so i can lawl at chu
(52:11 / All) DidDubSnop: do you have any sons you got when you were in high school from all your fucking around with nonexistent girls?
(52:32 / All) DidDubSnop: or are they imaginary too and you will never reproduce
(52:35 / All) DidDubSnop: are they in foster care now
(52:36 / All) wannagetfuqdbro: fucked three girls at once
(52:41 / All) wannagetfuqdbro: more then youll ever get
(52:43 / All) wannagetfuqdbro: lololol
(52:50 / All) wannagetfuqdbro: first week of uni
(52:51 / All) WhereEaglesDare: A shame
(52:53 / All) wannagetfuqdbro: three sluts
(52:54 / All) DidDubSnop: i imagine they had to do all the work and wanted a four way since oyu aren't enough on your own?
(53:47 / All) wannagetfuqdbro: aight no insta, no fb, no twitter, definitely a bunch of pussy as mothafuckas lol
(53:48 / All) DidDubSnop: Sorry blue looks like you lose :^)
(53:54 / All) wannagetfuqdbro: im for real outta here
(54:01 / All) DidDubSnop: bye!!!!
(54:12 / All) wannagetfuqdbro: lol ma mans here was tryin to teach me how to play!!!
(54:22 / All) DidDubSnop: tryin?
(54:26 / All) DidDubSnop: he didn't try hard enough
(54:27 / All) DidDubSnop: we raped you
(54:37 / All) wannagetfuqdbro: oh nooo
(54:39 / All) wannagetfuqdbro: so worried
(54:41 / All) wannagetfuqdbro: bahahah
(54:45 / All) wannagetfuqdbro: yall have fun okay
(54:50 / All) wannagetfuqdbro: dont get too into it
(54:52 / All) DidDubSnop: kkkkkk we will bye
(54:54 / All) DidDubSnop: BYE
(54:55 / All) DidDubSnop: BYE
(54:56 / All) DidDubSnop: hold the alt
(54:57 / All) DidDubSnop: LOL
(54:57 / All) WhereEaglesDare: lalw
(55:00 / All) DidDubSnop: I say he gets the loss
(55:11 / All) WhereEaglesDare: yeh